 Dungeon Crawl Stone Soup version 0.27.1-2-g3b301248ec (webtiles) character file.

Game seed: 4064946042783057510

806 Borgoz the Skirmisher (level 7, -3/45 HPs)
             Began as a Gargoyle Berserker on Sept 27, 2021.
             Was a Priest of Trog.
             Slain by a gnoll (12 damage)
             ... on level 5 of the Dungeon.
             The game lasted 00:10:08 (5126 turns).

Borgoz the Skirmisher (Gargoyle Berserker)          Turns: 5126, Time: 00:10:09

Health: -3/45      AC: 19    Str: 22    XL:     7   Next: 91%
Magic:  7/7        EV:  7    Int:  7    God:    Trog [***...]
Gold:   242        SH:  0    Dex: 10    Spells: 6/6 levels left

rFire    . . .     SeeInvis .   a - +0 mace
rCold    . . .     Faith    .   (no shield)
rNeg     + . .     Spirit   .   b - +0 plate armour
rPois    ∞         Reflect  .   (no helmet)
rElec    +         Harm     .   (no cloak)
rCorr    .         Rampage  .   l - +0 pair of gloves
Will     .....                  m - +0 pair of boots
Stlth    ..........             (no amulet)
HPRegen  0.15/turn              (no ring)
MPRegen  0.10/turn              (no ring)

@: on berserk cooldown, hasted and slowed
A: sickness immunity, AC +4, negative energy resistance 1, electricity
resistance, torment resistance 1, petrification resistance
a: Renounce Religion, Berserk, Trog's Hand


You were on level 5 of the Dungeon.
You worshipped Trog.
Trog was most pleased with you.
You visited 1 branch of the dungeon, and saw 5 of its levels.
You also visited: Sewer.

You collected 242 gold pieces.

Inventory:

Hand Weapons
 a - a +0 mace (weapon)
Missiles
 k - a throwing net (quivered)
Armour
 b - a +0 plate armour (worn)
 l - a +0 pair of gloves (worn)
 m - a +0 pair of boots (worn)
Scrolls
 f - 2 scrolls of teleportation {unknown}
 g - a scroll of silence {unknown}
 n - a scroll of blinking {unknown}
 o - a scroll of fog {unknown}
Potions
 c - a potion of attraction {unknown}
 d - 5 potions of haste
 e - a potion of curing
 h - a potion of lignification {unknown}
 i - 4 potions of mutation {unknown}
 j - 3 potions of heal wounds {unknown}
 p - a potion of cancellation {unknown}
 q - a potion of brilliance {unknown}


   Skills:
 + Level 5.7 Fighting
 + Level 5.2 Maces & Flails
 + Level 5.1 Armour
 + Level 3.8 Dodging


You had 6 spell levels left.
You didn't know any spells.
Your spell library was empty.

Dungeon Overview and Level Annotations

Branches:
Dungeon (5/15)             Temple (0/1) D:4           Sewer (visited)

Altars:
Vehumet

Shops:
D:2 *


Innate Abilities, Weirdness & Mutations

You are immune to sickness and miasma.
Your stone body is resilient. (AC +4)
You are immune to poison.
You resist negative energy. (rN+)
You are resistant to electric shocks. (rElec)
You are resistant to unholy torment.
You are immune to petrification.


Message History

a +0 spear; a gnoll corpse You bludgeon the gnoll!!
You kill the gnoll!
Trog accepts your kill. The gnoll hits you but does no damage.
You closely miss the iguana.
The iguana bites you but does no damage.
The gnoll closely misses you. The gnoll hits you but does no damage.
Your plate armour prevents you from hitting the iguana.
The iguana closely misses you.
The gnoll hits you but does no damage. x2
You sock the iguana!
The iguana is heavily wounded.
The iguana completely misses you.
You sock the iguana!
You kill the iguana!
Trog accepts your kill. The gnoll barely misses you.
The gnoll hits you but does no damage. The gnoll hits you but does no damage.
The gnoll closely misses you.
Things that are here:
a +0 club; a gnoll corpse You hit the gnoll.
The gnoll is lightly wounded.
You are no longer berserk.
You are exhausted.
You feel yourself slow down.
You hit the gnoll.
The gnoll is heavily wounded.
The gnoll hits you with a +0 halberd!
* * * LOW HITPOINT WARNING * * *
The gnoll hits you with a +0 spear.
* * * LOW HITPOINT WARNING * * *
The gnoll hits you but does no damage. The gnoll hits you with a +0 spear.
* * * LOW HITPOINT WARNING * * *
You feel better.
The gnoll hits you but does no damage. x2
The gnoll hits you with a +0 halberd!
* * * LOW HITPOINT WARNING * * *
The gnoll hits you but does no damage.
You feel yourself speed up.
The gnoll hits you but does no damage. x2
The gnoll hits you from afar with a +0 halberd!
You die...

.. # ... #. ....
###.# ###.#..
#...g###### .......
#.g)@)).##....#..
#...#####..........
#.. ###.##..#.. #..
##.###...# #.#
###......... .. ..
####...#####...). .
...#.................
......#..............
........######.#.....


You could see 2 gnolls.

Vanquished Creatures
  Sigmund (D:2)
  A phantom (D:5)
  A kobold brigand (Sewer)
  A scorpion (D:4)
  A bullfrog skeleton (D:5)
  An orc priest (D:4)
  A gnoll shaman (D:5)
  A centaur skeleton (D:4)
  Natasha (D:2)
  2 iguanas
  6 adders
  6 gnolls
  3 river rats (Sewer)
  An ufetubus (D:5)
  4 worms
  A dart slug (D:1)
  7 orcs
  8 endoplasms
  3 giant cockroaches
  11 goblins
  2 hobgoblins (D:4)
  8 jackals
  2 quokkas
  10 ball pythons
  7 bats
  2 frilled lizards (D:1)
  16 kobolds
  A quokka skeleton (D:4)
  6 rats
115 creatures vanquished.

Notes
Turn   | Place    | Note
-------+----------+-------------------------------------------
     0 | D:1      | Borgoz the Gargoyle Berserker began the quest for the Orb.
     0 | D:1      | Reached XP level 1. HP: 14/14 MP: 1/1
   209 | D:1      | Reached XP level 2. HP: 15/19 MP: 2/2
   915 | D:1      | Reached ** piety under Trog
   916 | D:1      | Reached XP level 3. HP: 23/23 MP: 3/3
  1270 | D:2      | Found Dutedoxu's General Store.
  1388 | D:2      | Noticed Natasha
  1397 | D:2      | Killed Natasha
  1538 | D:2      | Reached XP level 4. HP: 28/29 MP: 4/4
  1957 | D:2      | Noticed Sigmund
  1966 | D:2      | Killed Sigmund
  1967 | D:2      | Reached XP level 5. HP: 34/34 MP: 5/5
  1967 | D:2      | Reached XP level 6. HP: 39/39 MP: 6/6
  1977 | D:2      | Found a radiant altar of Vehumet.
  2447 | D:3      | Found a faded altar of an unknown god.
  3094 | D:4      | Reached skill level 5 in Fighting
  3303 | D:4      | Reached XP level 7. HP: 44/44 MP: 7/7
  3303 | D:4      | Reached *** piety under Trog
  3356 | D:4      | Found a staircase to the Ecumenical Temple.
  3639 | D:4      | Found a glowing drain.
  3658 | Sewer    | Entered a sewer
  4810 | D:5      | Entered Level 5 of the Dungeon
  4846 | D:5      | Reached skill level 5 in Maces & Flails
  5107 | D:5      | Reached skill level 5 in Armour
  5126 | D:5      | Slain by a gnoll

Illustrated notes

Levels and vault maps discovered:
D:1:      roderic_crop_circles_arrival_small, layout_basic,
          minmay_misc_feat_more_columns
D:2:      layout_loops_corners, serial_shops, nicolae_diamond_shop, basic_altar,
          kennysheep_generic_room_13, uniq_sigmund, uniq_natasha
D:3:      layout_rooms, serial_forest, infiniplex_forest_lined_2,
          infiniplex_forest_end_3, infiniplex_forest_end_2,
          infiniplex_forest_clump_diagonal, hellmonk_ecumenical_altar_blasted
D:4:      layout_basic, minmay_temple_entry_mist, portal_sewer_entry_d,
          hangedman_abyss_or_decor_slice, kennysheep_donut, bh_walls_and_bars
D:5:      layout_rooms, kennysheep_generic_room_9

Skill      XL: |  1  2  3  4  5  6  7 |
---------------+----------------------+-----
Dodging        | 2 3 |  3.8
Fighting       | 4 5 |  5.7
Armour         | 3 4 5 |  5.1
Maces & Flails | 4 5 |  5.2

Action                   |  1- 3 |  4- 6 |  7- 9 || total
-------------------------+-------+-------+-------++-------
Melee: Mace              |    98 |   121 |   281 ||   500
Invok: Berserk           |     2 |     4 |     2 ||     8
       Trog's Hand       |       |     1 |       ||     1
  Use: Scroll            |     1 |     5 |       ||     6
       Potion            |       |       |     3 ||     3
Armor: Animal skin       |    22 |       |       ||    22
       Chain mail        |    46 |    11 |       ||    57
       Plate armour      |       |    82 |   201 ||   283
Dodge: Dodged            |    68 |    53 |   116 ||   237
